 Dungeon Crawl Stone Soup version 0.27-a0-109-g416527ed24 (webtiles) character file.

Game seed: 2411683951434020063

39 tilp the Sneak (level 3, -3/23 HPs)
             Began as an Octopode Transmuter on Jan 24, 2021.
             Slain by an ice beast (11 damage)
             ... on level 2 of the Dungeon.
             The game lasted 00:02:46 (1699 turns).

tilp the Sneak (Octopode Transmuter)                Turns: 1699, Time: 00:02:47

Health: -3/23      AC:  1    Str:  9    XL:     3   Next: 47%
Magic:  4/6        EV: 13    Int: 16    God:
Gold:   75         SH:  0    Dex: 12    Spells: 0/6 levels left

rFire    . . .     SeeInvis .     - Unarmed
rCold    . . .     Faith    .   (no shield)
rNeg     . . .     Spirit   .   (helmet currently unavailable)
rPois    .         Reflect  .   (no amulet)
rElec    .         Harm     .   (no ring)
rCorr    .         Rampage  .   (no ring)
Will     .....                  (no ring)
Stlth    +++.......             (no ring)
HPRegen  0.07/turn              (no ring)
MPRegen  0.10/turn              (no ring)
                                (no ring)
                                (no ring)

@: appendages (expiring), wereblooded
A: almost no armour, stealthy swim, amphibious, 8 rings, constrict 8, tentacle
spike 3, camouflage 1, gelatinous body 1
a: End Transformation


You were on level 2 of the Dungeon.
One of your tentacles had a temporary spike.
You visited 1 branch of the dungeon, and saw 2 of its levels.

You collected 75 gold pieces.

Inventory:

Missiles
 e - 15 stones (quivered)
Scrolls
 a - a scroll of remove curse
Potions
 b - a potion of lignification


   Skills:
 + Level 1.3 Fighting
 - Level 2.0 Dodging
 - Level 4.0 Stealth
 + Level 3.1 Unarmed Combat
 - Level 2.0 Spellcasting
 - Level 2.0 Transmutations


You couldn't memorise any spells.
You knew the following spells:

 Your Spells              Type           Power        Failure   Level
a - Beastly Appendage     Tmut           16%          9%          1
b - Wereblood             Tmut           8%           14%         2
c - Spider Form           Tmut/Pois      2%           38%         3

Your spell library contained the following spells:

 Spells                   Type           Power        Failure   Level
 Ice Form                 Ice/Tmut       4%           80%         4
 Blade Hands              Tmut           4%           94%         5


Dungeon Overview and Level Annotations

Branches:
Dungeon (2/15)

Altars:


Innate Abilities, Weirdness & Mutations

You cannot wear most types of armour.
You are very stealthy in the water. (Stealth+)
You are amphibious.
You can wear up to eight rings at the same time.
You can use your tentacles to constrict eight enemies at once.
Your skin changes colour to match your surroundings (Stealth+).
Your rubbery body absorbs attacks. (AC +1, EV +1)
One of your tentacles bears a large vicious spike.


Message History

Aim: an ice beast You throw a stone.
The stone hits the ice beast.
The ice beast is lightly wounded.
You howl as the wereblood boils in your veins!
Throw: 16 stones
Press: ? - help, Q - select action, (/) - cycle Shift-Dir - straight line, f/p - ice beast
Aim: an ice beast (lightly wounded)
You throw a stone. The stone hits the ice beast.
The ice beast is lightly wounded.
You howl as the wereblood boils in your veins!
You tentacle-slap the ice beast but do no damage.
The ice beast is lightly wounded.
The ice beast hits you. The ice beast freezes you!
You tentacle-slap the ice beast. Your squeeze misses the ice beast.
The ice beast is lightly wounded.
Your transformation is almost over.
The ice beast hits you.
* * * LOW HITPOINT WARNING * * *
The ice beast freezes you!
You die...

#.....# #.....#
#.$...# .#
#.....# ..#
#.....# ##.#
#.....##...##
#...)......#
#...@......#
#....Y.....#
#..........#
#.(.<..(..?#
...............
########....###
.# .#.(..##. )
##..#... ..
#..#.. .#


You could see an ice beast.

Vanquished Creatures
  3 dart slugs
  3 leopard geckos
  A giant cockroach (D:1)
  4 goblins
  4 hobgoblins
  4 jackals (D:1)
  A ball python (D:2)
  3 bats
  A frilled lizard (D:2)
  A kobold (D:2)
  3 rats (D:1)
28 creatures vanquished.

Notes
Turn   | Place    | Note
-------+----------+-------------------------------------------
     0 | D:1      | tilp the Octopode Transmuter began the quest for the Orb.
     0 | D:1      | Reached XP level 1. HP: 13/13 MP: 3/3
   104 | D:1      | Reached skill level 1 in Stealth
   245 | D:1      | Reached skill level 2 in Stealth
   578 | D:1      | Reached XP level 2. HP: 18/18 MP: 3/5
   581 | D:1      | Learned a level 2 spell: Wereblood
   924 | D:1      | Reached skill level 3 in Stealth
  1062 | D:1      | Reached XP level 3. HP: 12/23 MP: 2/6
  1459 | D:1      | Learned a level 3 spell: Spider Form
  1491 | D:2      | Reached skill level 4 in Stealth
  1654 | D:2      | Noticed an ice beast
  1699 | D:2      | Slain by an ice beast

Illustrated notes

Levels and vault maps discovered:
D:1:      grunt_arrival_crossed_arrows, layout_loops_ring
D:2:      layout_rooms

Skill      XL: |  1  2  3 |
---------------+----------+-----
Stealth        | 2 3 4 |  4.0
Fighting       | |  1.3
Dodging        | |  2.0
Unarmed Combat | |  3.1
Spellcasting   | |  2.0
Transmutations | |  2.0

Action                   || total
-------------------------++-------
Melee: Unarmed           ||    57
       Kick              ||    12
       Constrict         ||    13
       Tentacles         ||    10
Throw: Stone             ||     4
 Cast: Beastly Appendage ||    15
       Wereblood         ||     5
  Use: Scroll            ||     3
 Stab: Sleeping          ||     6
Armor: Skin              ||     6
Dodge: Dodged            ||    23

Table legend: (Time is in decaauts)
 A = Elapsed time spent in this place.
 B = Non-inter-level travel time spent in this place.
 C = Inter-level travel time spent in this place.
 D = Time resting spent in this place.
 E = Time spent auto-exploring this place.
 F = Levels seen in this place.
 G = Mean time per level.
                   A        B        C        D        E       F      G
               +--------+--------+--------+--------+--------+-----+--------+
         Total |   1697 |   1598 |     99 |    697 |    615 |   2 |  848.5 |
       Dungeon |   1697 |   1598 |     99 |    697 |    615 |   2 |  848.5 |
               +--------+--------+--------+--------+--------+-----+--------+

Top non-repeatable levels by time:
     D:1: 1494 daAuts
     D:2: 203 daAuts
